 Dungeon Crawl Stone Soup version 0.23.2-11-gf996548c65 (webtiles) character file.

Game seed: 12255142696399554233

516 kendrok the Chopper (level 7, -3/62 HPs)
             Began as a Hill Orc Berserker on June 3, 2019.
             Was a Priest of Trog.
             Slain by an orc
             ... wielding a +0 flail
              (5 damage)
             ... on level 4 of the Dungeon.
             The game lasted 00:12:59 (3342 turns).

kendrok the Chopper (Hill Orc Berserker)            Turns: 3342, Time: 00:13:00

Health: -3/62      AC:  9    Str: 22    XL:     7   Next: 20%
Magic:  16/16      EV: 12    Int:  7    God:    Trog [***...]
Gold:   155        SH:  0    Dex: 10    Spells: 6/6 levels left

rFire    + . .     SeeInvis .   a - +1 hand axe
rCold    . . .     Gourm    .   (no shield)
rNeg     . . .     Faith    .   i - +0 ring mail {rF+}
rPois    .         Spirit   .   (no helmet)
rElec    .         Reflect  .   (no cloak)
rCorr    +         Harm     .   (no gloves)
MR       .....                  k - +2 pair of boots
Stlth    ..........             (no amulet)
HPRegen  0.20/turn              e - ring of resist corrosion
MPRegen  0.15/turn              g - ring of magical power

@: berserk cooldown, slowed, very slow
A: no striking features
a: Berserk, Trog's Hand, Renounce Religion


You were on level 4 of the Dungeon.
You worshipped Trog.
Trog was most pleased with you.
You were very hungry.

You visited 1 branch of the dungeon, and saw 4 of its levels.

You collected 155 gold pieces.

Inventory:

Hand Weapons
 a - a +1 hand axe (weapon)
Armour
 b - a +0 animal skin
 h - a +0 chain mail
 i - a +0 ring mail of fire resistance (worn)
 k - a +2 pair of boots (worn)
Jewellery
 e - a ring of resist corrosion (left hand)
 g - a ring of magical power (right hand)
Scrolls
 f - a scroll of fear
 o - 2 scrolls of enchant armour
 p - 2 scrolls of teleportation
 r - a scroll of immolation
 s - 2 scrolls of identify
 u - a scroll of remove curse {unknown}
Potions
 d - a potion of lignification {unknown}
 j - a potion of haste {unknown}
 l - a potion of might {unknown}
 n - 2 potions of invisibility {unknown}
 q - a potion of berserk rage {unknown}
 t - a potion of brilliance {unknown}
Comestibles
 c - 11 rations
 m - a chunk of flesh


   Skills:
 + Level 5.8 Fighting
 + Level 6.3 Axes
 + Level 4.4 Armour
 + Level 3.3 Dodging


You had 6 spell levels left.
You didn't know any spells.
Your spell library was empty.

Dungeon Overview and Level Annotations

Branches:
Dungeon (4/15)
 Temple: D:4-7

Altars:
Sif Muna
Trog


Message History

The gnoll barely misses you. The orc hits you but does no damage.
You hit the orc but do no damage. You closely miss the orc.
The orc hits you but does no damage.
The gnoll hits you from afar with a +0 spear.
* * * LOW HITPOINT WARNING * * *
The gnoll hits you but does no damage. The orc hits you but does no damage.
The orc misses you.
You hit the orc but do no damage. You hit the orc.
You kill the orc!
Trog accepts your kill. The gnoll misses you. x2
The gnoll hits you from afar with a +0 spear.
* * * LOW HITPOINT WARNING * * *
You hit the orc.
The orc is lightly wounded.
You hit the orc.
The gnoll hits you from afar with a +0 halberd.
* * * LOW HITPOINT WARNING * * *
The orc hits you with a +0 flail.
You die...

##
#......รท.(..#
#.8.
#...###.###.#
#.._ ##.##
#.###.#####
#.. ###.#
#....#....# #
#.##.#.#
#####.###.#
.#.#..#.#)#
#.#
......g...#
#.#
###.##g#o###
#.# ......ho@#
#.# ....##)###
#.# # #. #.#
.o #.## ###
#..## #...#
##.##
########. #.#
#......?. #.#
.#


You could see a howler monkey, 2 gnolls and 2 orcs.

Vanquished Creatures
  Sigmund (D:3)
  A black bear (D:3)
  2 orc wizards
  Jessica (D:3)
  An iguana (D:4)
  An adder (D:3)
  5 gnolls (D:4)
  An adder skeleton (D:4)
  2 worms
  A dart slug (D:1)
  3 leopard geckos
  13 orcs
  9 giant cockroaches
  5 goblins
  6 hobgoblins
  A quokka (D:2)
  3 ball pythons
  8 bats
  5 frilled lizards
  12 kobolds
  9 rats
90 creatures vanquished.

Notes
Turn   | Place    | Note
-------+----------+-------------------------------------------
     0 | D:1      | kendrok the Hill Orc Berserker began the quest for the Orb.
     0 | D:1      | Reached XP level 1. HP: 19/19 MP: 1/1
   178 | D:1      | Reached XP level 2. HP: 22/27 MP: 2/2
   943 | D:1      | Reached XP level 3. HP: 31/33 MP: 3/3
  1350 | D:2      | Reached ** piety under Trog
  2017 | D:2      | Reached XP level 4. HP: 41/41 MP: 4/4
  2119 | D:3      | Found a bloodstained altar of Trog.
  2121 | D:3      | Noticed Jessica
  2123 | D:3      | Killed Jessica
  2123 | D:3      | Reached skill level 5 in Axes
  2125 | D:3      | Noticed a black bear
  2326 | D:3      | Noticed Sigmund
  2338 | D:3      | Killed Sigmund
  2338 | D:3      | Reached skill level 5 in Fighting
  2338 | D:3      | Reached XP level 5. HP: 34/48 MP: 5/5
  2338 | D:3      | Reached XP level 6. HP: 40/56 MP: 6/6
  2544 | D:3      | Killed a black bear
  2678 | D:3      | Reached skill level 6 in Axes
  2685 | D:3      | Reached *** piety under Trog
  3190 | D:4      | Reached XP level 7. HP: 42/61 MP: 7/7
  3320 | D:4      | Found a deep blue altar of Sif Muna.
  3342 | D:4      | HP: 2/62 [gnoll/+0 halberd (2)]
  3342 | D:4      | Slain by an orc

Skill      XL: |  1  2  3  4  5  6 |
---------------+-------------------+-----
Fighting       | 4 5 |  5.8
Dodging        | 2 3 |  3.3
Axes           | 5 6 |  6.3
Armour         | 3 4 |  4.4

Action                   |  1- 3 |  4- 6 |  7- 9 || total
-------------------------+-------+-------+-------++-------
Melee: Hand axe          |   152 |    92 |    34 ||   278
Invok: Berserk           |     4 |     6 |     1 ||    11
  Use: Scroll            |       |     8 |       ||     8
  Eat: Chunk             |     7 |     9 |     1 ||    17
Armor: Animal skin       |     6 |       |       ||     6
       Chain mail        |    17 |       |       ||    17
       Ring mail         |    56 |    35 |    20 ||   111
Dodge: Dodged            |   110 |    64 |    33 ||   207
